Map: [ESL] Oceanborn

Players

Erik - Winner!

  • Race: Zerg Zerg
  • Spawn Location: 11:00

Cham

  • Race: Zerg Zerg
  • Spawn Location: 5:00

Event: ESL SC2 Masters 2024 Spring (Regional)

VOD

Have the link to the VOD?

Description

Time

  • Played on: April 13, 2024, 3:10 p.m.
  • Length: 3:18

All games in this series

Show
View Real Time Build Order
Export as new Build Order

Erik Zerg - Winner!

Build Orders: Pool First 

Get SALT Encoding   

  12  0:11  Extractor  
  11  0:19  Spawning Pool  
  10  0:24  Drone  
  11  0:29  Drone  
  11  0:34  Drone  
  13  0:47  Overlord  
  13  1:07  Zergling x4  
  13  1:08  Zergling x2  
  16  1:13  Metabolic Boost  
  16  1:18  Zergling x2  
  17  1:29  Zergling x2  
  18  1:40  Zergling x2  
  19  1:49  Hatchery  
  19  1:53  Zergling x2  
  19  2:02  Zergling x2  
  20  2:13  Zergling x2  
  21  2:25  Zergling x2  
  21  2:51  Zergling x4  
  21  2:56  Overlord  
  22  3:01  Drone  
Show
View Real Time Build Order
Export as new Build Order

Cham Zerg 

Build Orders: Hatch First 

Get SALT Encoding   

  12  0:00  Drone  
  13  0:12  Overlord  
  13  0:23  Drone  
  14  0:31  Drone x2  
  16  0:51  Hatchery  
  16  0:53  Drone  
  16  0:55  Drone  
  17  1:09  Spawning Pool  
  16  1:11  Drone  
  16  1:13  Extractor  
  16  1:16  Drone  
  17  1:19  Drone  
  18  1:28  Drone  
  19  1:40  Overlord  
  19  1:57  Zergling x2, Queen  
  19  2:01  Zergling x2  
  23  2:03  Queen  
  23  2:05  Zergling x2  
  26  2:12  Zergling x2  
  27  2:19  Zergling x2  
  28  2:30  Zergling x2  
  28  2:32  Zergling x2  
  26  2:37  Zergling x2  
  26  2:39  Zergling x2  
  22  2:46  Zergling x2  
  22  2:49  Zergling x2  
  22  2:54  Zergling x2  
  22  2:57  Zergling x2  
Tags
 
Add a new tag
Caveats
  • Supply blocks, unpowered buildings, or Contaminate may cause inaccurate times.
  • Supply counts are checked every 10 seconds.